 Dungeon Crawl Stone Soup version 0.32-a0-30-gefbe487952 (webtiles) character file.

Game seed: 1886332604265143354

38 p00ps00p the Trooper (level 3, -4/33 HPs)
             Began as a Hill Orc Fighter on Jan 20, 2024.
             Slain by Jessica
             ... wielding a +0 club
              (5 damage)
             ... on level 3 of the Dungeon.
             The game lasted 00:02:07 (1444 turns).

p00ps00p the Trooper (Hill Orc Fighter)             Turns: 1444, Time: 00:02:08

Health: -4/33      AC: 10    Str: 20    XL:     3   Next: 43%
Magic:  3/3        EV:  7    Int:  8    God:
Gold:   41         SH:  4    Dex: 10    Spells: 2/2 levels left

rFire   . . .        a - +2 war axe
rCold   . . .        c - +0 buckler
rNeg    . . .        e - +0 chain mail
rPois   .            (no helmet)
rElec   .            f - +0 cloak
rCorr   .            (no gloves)
SInv    .            (no boots)
Will    .....        (no amulet) Stlth
                     (no ring)
HPRegen 0.25/turn    (no ring)
MPRegen 0.08/turn

%: no passive effects
@: mighty
A: no striking features
a: no special abilities


You were on level 3 of the Dungeon.
You visited 1 branch of the dungeon, and saw 3 of its levels.

You collected 41 gold pieces.

Inventory:

Hand Weapons
 a - a +2 war axe (weapon)
Armour
 c - a +0 buckler (worn)
 e - a +0 chain mail (worn)
 f - a +0 cloak (worn)
Potions
 b - 2 potions of enlightenment {unknown}
 g - 2 potions of curing {unknown}
 h - a potion of cancellation
 i - a potion of brilliance {unknown}
 k - a potion of lignification {unknown}


   Skills:
 + Level 4.1 Fighting
 + Level 3.4 Axes
 + Level 3.7 Armour
 + Level 3.7 Shields


You had 2 spell levels left.
You didn't know any spells.
Your spell library contained the following spells:

 Spells                   Type           Power      Damage    Failure   Level
 Ensorcelled Hibernation  Hex/Ice        0%         N/A       99%         2
 Passwall                 Erth           0%         N/A       100%        3
 Swiftness                Air            0%         N/A       100%        3
 Tukima's Dance           Hex            0%         N/A       100%        3
 Passage of Golubria      Tloc           0%         N/A       100%        4
 Yara's Violent Unravell  Hex/Alch       0%         3d3       100%        5


Dungeon Overview and Level Annotations

Branches:
Dungeon (3/15)

Altars:
Ru

Annotations:
D:3 Jessica


Message History

You are no longer poisoned.
You block the scorpion's attack.
You closely miss the scorpion.
The scorpion is moderately wounded.
The scorpion stings you.
You are poisoned.
The scorpion poisons you! The scorpion stings you.
You hit the scorpion.
The scorpion is moderately wounded.
You feel very sick.
The scorpion stings you but does no damage.
You closely miss the scorpion.
The scorpion is moderately wounded.
You feel sick.
The scorpion stings you but does no damage.
The scorpion stings you.
* * * LOW HITPOINT WARNING * * *
Read: scroll of fear
Press: ? - help, Q - select action, (/) - cycle Dir - look around, f - activate Look: a scorpion (moderately wounded, chance to affect: 97%)
As you read the scroll of fear, it crumbles to dust.
You assume a fearsome visage.
The scorpion looks frightened!
You feel sick.
You feel sick.
You climb downwards.
Level annotation: Jessica You feel sick.
The endoplasm freezes you.
You are frozen.
* * * LOW HITPOINT WARNING * * *
There is a stone staircase leading up here.
You feel very mighty all of a sudden.
You feel sick.
You are no longer poisoned.
The endoplasm freezes you.
You are frozen.
* * * LOW HITPOINT WARNING * * *
Jessica hits you with a +0 club.
You die...

#.# ..
####..###.#
>.........#
..........#
........[.#
..........#
.......J..#
......>@@.#
####.##...#
##.## .# .#
.# .. ..


You could see Jessica and an endoplasm.

Vanquished Creatures
  An adder (D:2)
  A ribbon worm (D:2)
  5 endoplasms
  5 hobgoblins
  A quokka (D:1)
  2 ball pythons
  2 bats (D:1)
  A frilled lizard (D:1)
  3 goblins
  A kobold (D:1)
  4 rats
26 creatures vanquished.

Notes
Turn   | Place    | Note
-------+----------+-------------------------------------------
     0 | D:1      | p00ps00p the Hill Orc Fighter began the quest for the Orb.
     0 | D:1      | Reached XP level 1. HP: 19/19 MP: 1/1
   138 | D:1      | Reached XP level 2. HP: 27/27 MP: 2/2
   702 | D:1      | Reached skill level 4 in Fighting
   829 | D:1      | Found a sacrificial altar of Ru.
   867 | D:2      | Reached XP level 3. HP: 33/33 MP: 3/3
   958 | D:2      | Found a faded altar of an unknown god.
  1431 | D:3      | Noticed Jessica
  1431 | D:3      | Noticed a scorpion
  1444 | D:3      | HP: 1/33 [frozen (3)]
  1444 | D:3      | Slain by Jessica

Illustrated notes

Levels and vault maps discovered:
D:1:      dpeg_arrival_water_altar, layout_basic, chequers_mini_garden,
          moated_statue, dk_noncrumbling_4, minmay_misc_feat_square
D:2:      layout_basic, hellmonk_ecumenical_altar_crossroads, dk_vineyard_1
D:3:      layout_rooms, uniq_jessica

Skill      XL: |  1  2 |
---------------+-------+-----
Axes           | 3 |  3.4
Fighting       | 4 |  4.1
Armour         | |  3.7
Shields        | |  3.7

Action                     || total
---------------------------++-------
  Melee: War axe           ||    65
    Use: Scroll            ||     7
         Potion            ||     1
 Armour: Chain mail        ||    47
  Dodge: Dodged            ||    16
  Block: Buckler           ||    12

Table legend: (Time is in decaauts)
 A = Elapsed time spent in this place.
 B = Non-inter-level travel time spent in this place.
 C = Inter-level travel time spent in this place.
 D = Time resting spent in this place.
 E = Time spent auto-exploring this place.
 F = Levels seen in this place.
 G = Mean time per level.
                   A        B        C        D        E       F      G
               +--------+--------+--------+--------+--------+-----+--------+
         Total |   1476 |   1389 |     87 |      0 |   1143 |   3 |  492.0 |
       Dungeon |   1476 |   1389 |     87 |      0 |   1143 |   3 |  492.0 |
               +--------+--------+--------+--------+--------+-----+--------+

Top non-repeatable levels by time:
     D:1: 884 daAuts
     D:2: 588 daAuts
     D:3: 3 daAuts
